 Dungeon Crawl Stone Soup version 0.26-a0-597-gb535b0901c (webtiles) character file.

Game seed: 12253119520133715022

17 Lanoc the Charlatan (level 2, -4/24 HPs)
             Began as a Hill Orc Artificer on Sept 12, 2020.
             Slain by an adder (5 damage)
             ... on level 2 of the Dungeon.
             The game lasted 00:00:54 (444 turns).

Lanoc the Charlatan (Hill Orc Artificer)             Turns: 444, Time: 00:00:54

Health: -4/24      AC:  3    Str: 14    XL:     2   Next: 62%
Magic:  2/2        EV: 11    Int: 11    God:
Gold:   0          SH:  0    Dex: 11    Spells: 1/1 levels left

rFire    . . .     SeeInvis .   a - +0 club
rCold    . . .     Faith    .   (no shield)
rNeg     . . .     Spirit   .   b - +0 leather armour
rPois    .         Reflect  .   (no helmet)
rElec    .         Harm     .   (no cloak)
rCorr    .                      (no gloves)
MR       .....                  (no boots)
Stlth    +.........             (no amulet)
HPRegen  0.08/turn              (no ring)
MPRegen  0.08/turn              (no ring)

@: lethally poisoned (-4 -> -8)
A: no striking features
a: no special abilities


You were on level 2 of the Dungeon.
You visited 1 branch of the dungeon, and saw 2 of its levels.

Inventory:

Hand Weapons
 a - a +0 club (weapon)
Armour
 b - a +0 leather armour (worn)
Wands
 c - a wand of flame (15)
 d - a wand of enslavement (14)
 e - a wand of random effects (7)
Scrolls
 f - a scroll of random uselessness {unknown}
 g - a scroll of identify {unknown}


   Skills:
 + Level 1.7 Fighting
 + Level 2.4 Armour
 + Level 1.1 Dodging
 - Level 0.7 Stealth
 * Level 3.3 Evocations


You had one spell level left.
You didn't know any spells.
Your spell library was empty.

Dungeon Overview and Level Annotations

Branches:
Dungeon (2/15)

Altars:


Message History

The adder hisses angrily.
The adder flickers and vanishes!
Deactivating autopickup; reactivate with Ctrl-A.
Evoke which item? (* to show all) (? for menu, Esc to quit)
Press: ? - help, Shift-Dir - straight line Nothing appears to happen.
Evoke which item? (* to show all) (? for menu, Esc to quit)
Press: ? - help, Shift-Dir - straight line Nothing appears to happen.
Evoke which item? (* to show all) (? for menu, Esc to quit)
Press: ? - help, Shift-Dir - straight line Something bites you.
* * * LOW HITPOINT WARNING * * *
Evoke which item? (* to show all) (? for menu, Esc to quit)
Press: ? - help, Shift-Dir - straight line Nothing appears to happen.
Something bites you.
* * * LOW HITPOINT WARNING * * *
You are lethally poisoned!
Something poisons you! Something bites you.
You die...

### #.+ #.# #@# #{# #.#
# #.# ############## #)#
.............# #)#
.............###.#
.................####..
........................


There were no monsters in sight!

Vanquished Creatures
  A dart slug (D:2)
  2 leopard geckos (D:2)
  A giant cockroach (D:2)
  2 hobgoblins (D:2)
  4 jackals (D:2)
  A rat (D:1)
11 creatures vanquished.

Vanquished Creatures (others)
  A frilled lizard (D:2)
1 creature vanquished.

Grand Total: 12 creatures vanquished

Notes
Turn   | Place    | Note
-------+----------+-------------------------------------------
     0 | D:1      | Lanoc the Hill Orc Artificer began the quest for the Orb.
     0 | D:1      | Reached XP level 1. HP: 16/16 MP: 1/1
   289 | D:2      | Reached skill level 1 in Dodging
   289 | D:2      | Reached XP level 2. HP: 21/23 MP: 2/2
   444 | D:2      | HP: 1/24 [something (3)]
   444 | D:2      | Slain by an adder

Illustrated notes

Levels and vault maps discovered:
D:1:      minmay_arrival_arboretum_small, layout_basic
D:2:      layout_basic

Skill      XL: |  1 |
---------------+----+-----
Dodging        | 1 |  1.1
Fighting       | |  1.7
Armour         | |  2.4
Stealth        | |  0.7
Evocations     | |  3.3

Action                   || total
-------------------------++-------
Melee: Club              ||    51
Evoke: Wand              ||     9
Armor: Leather armour    ||    15
Dodge: Dodged            ||    48

Table legend: (Time is in decaauts)
 A = Elapsed time spent in this place.
 B = Non-inter-level travel time spent in this place.
 C = Inter-level travel time spent in this place.
 D = Time resting spent in this place.
 E = Time spent auto-exploring this place.
 F = Levels seen in this place.
 G = Mean time per level.
                   A        B        C        D        E       F      G
               +--------+--------+--------+--------+--------+-----+--------+
         Total |    459 |    459 |      0 |      2 |    347 |   2 |  229.5 |
       Dungeon |    459 |    459 |      0 |      2 |    347 |   2 |  229.5 |
               +--------+--------+--------+--------+--------+-----+--------+

Top non-repeatable levels by time:
     D:2: 442 daAuts
     D:1: 16 daAuts
